 Dungeon Crawl Stone Soup version 0.31-a0-1019-g3dd9dd1025 (webtiles) character file.

Game seed: 2615061091901153904

282 Ivernyr the Shield-Bearer (level 6, -2/49 HPs)
             Began as a Formicid Fighter on Nov 17, 2023.
             Slain by a black bear (6 damage)
             ... on level 4 of the Dungeon.
             The game lasted 00:06:47 (2370 turns).

Ivernyr the Shield-Bearer (Formicid Fighter)        Turns: 2370, Time: 00:06:48

Health: -2/49      AC:  9    Str: 23    XL:     6   Next: 53%
Magic:  6/6        EV:  9    Int:  7    God:
Gold:   84         SH:  5    Dex: 13    Spells: 5/5 levels left

rFire   . . .        a - +0 quarterstaff
rCold   . . .        c - +0 buckler
rNeg    . . .        b - +0 scale mail
rPois   .            (helmet unavailable)
rElec   .            t - +0 cloak
rCorr   .            e - +0 pair of gloves
SInv    +            (no boots)
Will    .....        (no amulet) Stlth
                     (no ring)
HPRegen 0.28/turn    (no ring)
MPRegen 0.10/turn

%: no passive effects
@: no status effects
A: permanent stasis, dig shafts and tunnels, antennae 3, four strong arms
a: Dig, Shaft Self


You were on level 4 of the Dungeon.
You visited 1 branch of the dungeon, and saw 4 of its levels.
You also visited: Sewer.

You collected 164 gold pieces.
You spent 80 gold pieces at shops.

Inventory:

Hand Weapons
 a - a +0 quarterstaff (weapon)
Armour
 b - a +0 scale mail (worn)
 c - a +0 buckler (worn)
 e - a +0 pair of gloves (worn)
 t - a +0 cloak (worn)
Jewellery
 u - a ring of ice
 y - a ring of resist corrosion
Scrolls
 f - 2 scrolls of teleportation {unknown}
 g - a scroll of enchant weapon {unknown}
 h - a scroll of fog {unknown}
 i - a scroll of noise {unknown}
 j - a scroll of immolation {unknown}
 k - 3 scrolls of silence {unknown}
 n - a scroll of brand weapon {unknown}
 s - 2 scrolls of vulnerability {unknown}
 v - a scroll of poison {unknown}
 w - a scroll of amnesia {unknown}
Potions
 d - a potion of might
 l - a potion of ambrosia {unknown}
 m - 4 potions of curing
 o - 3 potions of heal wounds
 p - a potion of lignification {unknown}
 q - a potion of brilliance {unknown}
 r - a potion of magic {unknown}
 x - a potion of degeneration {unknown}


   Skills:
 + Level 4.4 Fighting
 * Level 4.3 Staves
 + Level 4.4 Armour
 + Level 5.3 Shields


You had 5 spell levels left.
You didn't know any spells.
Your spell library contained the following spells:

 Spells                   Type           Power      Damage    Failure   Level
 Sublimation of Blood     Necr           0%         N/A       90%         2
 Wereblood                Tmut           0%         N/A       90%         2
 Summon Hydra             Summ           0%         N/A       100%        7


Dungeon Overview and Level Annotations

Branches:
Dungeon (4/15)              Sewer (visited)
 Temple: D:4-7

Altars:

Shops:
D:1 *   D:3 [!


Innate Abilities, Weirdness & Mutations

You cannot be hasted, slowed, berserked, paralysed or teleported.
You can dig through walls and to a lower floor.
You have a pair of large antennae on your head. (SInv)
Your four strong arms can wield two-handed weapons with a shield.


Message History

The black bear is moderately wounded.
The black bear bites you. You block the black bear's attack.
The black bear claws you.
You hit the black bear.
The black bear is moderately wounded.
You block the black bear's attack. The black bear closely misses you.
You block the black bear's attack.
You sock the black bear!
The black bear is severely wounded.
The black bear bites you but does no damage.
The black bear claws you.
The black bear claws you but does no damage.
You closely miss the black bear.
The black bear is severely wounded.
The black bear goes berserk!
You closely miss the black bear.
The black bear is severely wounded.
The black bear bites you but does no damage.
The black bear claws you but does no damage.
The black bear barely misses you. The black bear bites you!
The black bear claws you.
The black bear claws you but does no damage.
You hit the black bear.
The black bear is almost dead.
The black bear bites you!
* * * LOW HITPOINT WARNING * * *
The black bear closely misses you. x2
You hit the black bear.
The black bear is almost dead.
You block the black bear's attack. The black bear claws you.
* * * LOW HITPOINT WARNING * * *
The black bear barely misses you. The black bear bites you.
* * * LOW HITPOINT WARNING * * *
The black bear claws you but does no damage. x2
You closely miss the black bear.
The black bear is almost dead.
You block the black bear's attack.
The black bear claws you but does no damage.
The black bear closely misses you. The black bear bites you.
You die...

#........##.. #
#........##.#
.###.#........##.#
.....#........##.#######
#>...÷...............
#.#.<..)...##.#######
#........##g# ##
.###+#........##g####.##
......h@......##........
♣..............#####g....
♣......#+##+#####.g.....#
♣......#.#......gg..†#..#
.......#.#..###.........#
.......#....# #.#....#...
.......####g# #.#....#...
.......####g###.#....+...
.............##.##...#...


You could see a black bear (berserk).

Vanquished Creatures
  A howler monkey (D:3)
  An orc priest (D:3)
  7 adders
  4 river rats (Sewer)
  3 gnolls
  4 worms
  3 dart slugs
  4 orcs (D:3)
  7 endoplasms
  4 giant cockroaches
  A goblin (D:3)
  4 hobgoblins (D:3)
  4 kobolds
  A quokka (D:2)
  9 ball pythons
  4 bats
  5 frilled lizards
  9 rats
75 creatures vanquished.

Notes
Turn   | Place    | Note
-------+----------+-------------------------------------------
     0 | D:1      | Ivernyr the Formicid Fighter began the quest for the Orb.
     0 | D:1      | Reached XP level 1. HP: 18/18 MP: 1/1
    43 | D:1      | Reached XP level 2. HP: 24/24 MP: 2/2
   142 | D:1      | Found Noidaete's Assorted Antiques.
   428 | D:2      | Found a faded altar of an unknown god.
   464 | D:2      | Reached XP level 3. HP: 29/29 MP: 3/3
  1177 | D:3      | Found a glowing drain.
  1196 | D:3      | Reached XP level 4. HP: 36/37 MP: 4/4
  1225 | D:3      | Reached XP level 5. HP: 26/42 MP: 5/5
  1355 | Sewer    | Entered a sewer
  1457 | Sewer    | Reached skill level 5 in Shields
  1536 | Sewer    | Reached XP level 6. HP: 34/48 MP: 6/6
  1855 | D:3      | Found Kairghau's Antique Armour Shoppe.
  1893 | D:3      | Found Siucve Cepi's Distillery.
  1898 | D:3      | Bought a potion of curing for 30 gold pieces
  1898 | D:3      | Bought a potion of heal wounds for 50 gold pieces
  2357 | D:4      | Noticed a black bear
  2370 | D:4      | Slain by a black bear

Illustrated notes

Levels and vault maps discovered:
D:1:      minmay_arrival_loop, layout_rooms, serial_shops,
          nicolae_shop_advertising_works [nicolae_subvault_shop_adworks],
          kennysheep_flooded_box
D:2:      layout_basic, hellmonk_ecumenical_altar_crossroads
D:3:      layout_rooms, cheibrodos_sewer_entry_sluice, serial_shops, shop,
          nicolae_shop_rolling_square
D:4:      layout_basic, mainiacjoe_overflow_six_doors_small

Skill      XL: |  1  2  3  4  5 |
---------------+----------------+-----
Staves         | 3 4 |  4.3
Armour         | 4 |  4.4
Fighting       | 4 |  4.4
Shields        | 5 |  5.3

Action                     |  1- 3 |  4- 6 || total
---------------------------+-------+-------++-------
  Melee: Quarterstaff      |    95 |   166 ||   261
 Armour: Scale mail        |    47 |   148 ||   195
  Dodge: Dodged            |    38 |    99 ||   137
  Block: Buckler           |    19 |    56 ||    75

Table legend: (Time is in decaauts)
 A = Elapsed time spent in this place.
 B = Non-inter-level travel time spent in this place.
 C = Inter-level travel time spent in this place.
 D = Time resting spent in this place.
 E = Time spent auto-exploring this place.
 F = Levels seen in this place.
 G = Mean time per level.
                   A        B        C        D        E       F      G
               +--------+--------+--------+--------+--------+-----+--------+
         Total |   2449 |   2359 |     90 |    317 |   1322 |   5 |  489.8 |
       Dungeon |   2086 |   1996 |     90 |    272 |   1139 |   4 |  521.5 |
         Sewer |    363 |    363 |      0 |     45 |    182 |   1 |  363.0 |
               +--------+--------+--------+--------+--------+-----+--------+

Top non-repeatable levels by time:
     D:3: 773 daAuts
     D:2: 719 daAuts
     D:1: 432 daAuts
   Sewer: 363 daAuts
     D:4: 161 daAuts
